 Dungeon Crawl Stone Soup version 0.30-a0-591-g3c58d2bc28 (webtiles) character file.

Game seed: 3199746173039045123

26513 Monkooky the Tainter (level 13, -38/70 HPs)
             Began as a Kobold Hexslinger on Jan 4, 2023.
             Was a High Priest of Cheibriados.
             Killed by an exploding Fannar (48 damage)
             ... ignited by their inner flame
             ... on level 3 of the Lair of Beasts.
             The game lasted 00:52:17 (16595 turns).

Monkooky the Tainter (Kobold Hexslinger)           Turns: 16595, Time: 00:52:18

Health: -38/70     AC:  8    Str: 17 (18) XL:     13   Next: 58%
Magic:  1/19       EV: 30    Int: 25 (28) God:    Cheibriados [*****.]
Gold:   574        SH:  0    Dex: 28 (29) Spells: 3/21 levels left

rFire   . . .      SeeInvis .    R - +3 sling
rCold   . . .      Faith    .    (no shield)
rNeg    . . .      Spirit   .    Q - +0 acid dragon scales
rPois   .          Reflect  .    (no helmet)
rElec   .          Harm     .    (no cloak)
rCorr   +          Rampage  .    (no gloves)
Will    .....                    H - +1 pair of boots
Stlth   +++++                    (no amulet)
HPRegen 0.31/turn                w - +5 ring of evasion
MPRegen 0.16/turn                y - +5 ring of evasion

@: mighty, very slow
A: small, no large weapons, nightstalker 3
a: Renounce Religion, Bend Time, Temporal Distortion, Slouch, Step From Time


You were on level 3 of the Lair of Beasts.
You worshipped Cheibriados.
Cheibriados was extremely pleased with you.
You visited 2 branches of the dungeon, and saw 14 of its levels.

You collected 1395 gold pieces.
You spent 821 gold pieces at shops.

Inventory:

Hand Weapons
 a - a +1 sling
 P - a +2 spectral quarterstaff
 R - a +3 sling (weapon)
Missiles
 K - a throwing net
Armour
 c - a +0 robe
 E - a +0 pair of boots
 H - a +1 pair of boots (worn)
 J - a +0 buckler
 Q - +0 acid dragon scales (worn)
Magical Staves
 d - a staff of death
Jewellery
 v - a ring of ice
 w - a +5 ring of evasion (left hand)
 y - a +5 ring of evasion (right hand)
 G - a ring of willpower
 S - a +6 ring of strength
 T - an amulet of reflection
Wands
 F - a wand of light (12)
 N - a wand of digging (3)
 O - a wand of paralysis (2)
Scrolls
 b - 6 scrolls of poison
 f - 2 scrolls of immolation
 g - 2 scrolls of blinking
 h - 2 scrolls of teleportation
 i - 3 scrolls of amnesia
 j - 2 scrolls of magic mapping
 o - 2 scrolls of vulnerability
 q - 4 scrolls of enchant armour
 t - 5 scrolls of fog
 B - 2 scrolls of enchant weapon {unknown}
 C - a scroll of brand weapon {unknown}
 I - 2 scrolls of fear
 M - 2 scrolls of identify
 U - a scroll of torment {unknown}
 W - a scroll of silence {unknown}
Potions
 e - 2 potions of haste {unknown}
 k - 4 potions of flight
 l - 2 potions of mutation {unknown}
 m - 5 potions of degeneration
 n - 5 potions of curing
 p - 2 potions of magic {unknown}
 r - 5 potions of resistance {unknown}
 s - 6 potions of heal wounds
 u - 8 potions of attraction
 x - 3 potions of berserk rage {unknown}
 z - 4 potions of ambrosia {unknown}
 A - 3 potions of might
 D - 2 potions of brilliance {unknown}
 L - 2 potions of cancellation {unknown}
 V - a potion of invisibility {unknown}


   Skills:
 - Level 3.8 Fighting
 - Level 7.5 Ranged Weapons
 - Level 6.3 Dodging
 - Level 7.1 Stealth
 - Level 4.6 Spellcasting
 + Level 8.4 Conjurations
 - Level 3.0 Hexes
 - Level 5.1 Transmutations
 - Level 5.1 Fire Magic
 + Level 8.3 Ice Magic
 + Level 8.3 Air Magic
 - Level 8.9 Poison Magic
 - Level 7.0 Invocations


You had 3 spell levels left.
You knew the following spells:

 Your Spells              Type           Power      Damage    Failure   Level
a - Slow                  Hex            80%        N/A       3%          1
b - Portal Projectile     Hex/Tloc       26%        N/A       19%         3
c - Freezing Cloud        Conj/Ice/Air   23%        6-21      11%         5
d - Olgreb's Toxic Radia  Pois           50%        N/A       3%          4
e - Ignite Poison         Fire/Tmut/Pois 37%        N/A       2%          3
f - Passwall              Tmut/Erth      15%        N/A       6%          2

Your spell library contained the following spells:

 Spells                   Type           Power      Damage    Failure   Level
 Kiss of Death            Conj/Necr      100%       2d13      1%          1
 Sting                    Tmut/Pois      100%       1d8       1%          1
 Poisonous Vapours        Pois/Air       96%        N/A       1%          2
 Kindle Blastsparks       Fire/Tloc/Air  56%        2d14      5%          3
 Stone Arrow              Conj/Erth      52%        3d10      6%          3
 Inner Flame              Hex/Fire       26%        N/A       7%          3
 Confusing Touch          Hex            20%        N/A       11%         3
 Sandblast                Erth           10%        2d5       12%         1
 Cause Fear               Hex            10%        N/A       34%         4
 Animate Armour           Summ/Erth      10%        N/A       75%         4
 Dispel Undead            Necr           5%         3d7       75%         4
 Discord                  Hex            10%        N/A       100%        8
 Lehudib's Crystal Spear  Conj/Erth      13%        10d4      100%        8


Dungeon Overview and Level Annotations

Branches:
Dungeon (11/15)            Temple (0/1) D:6            Lair (3/5) D:10
  Swamp (0/4) Lair:2
  Snake: Lair:2-3    Spider: Lair:2-3       Orc: D:9-12

Altars:
Ashenzari
Cheibriados
Dithmenos
Elyvilon
Fedhas
Hepliaklqana
Makhleb
Nemelex Xobeh
Trog
Vehumet
Xom
Yredelemnul
Zin

Shops:
D:4 *   D:6 ?*((?

Portals:
Trove: D:10 (show slimy rune of Zot)

Annotations:
D:6 exclusion: downstairs
D:7 exclusion: downstairs
D:11 Josephine
Lair:1 3 runed translucent doors, Heh's ghost, journeyman OpVM


Innate Abilities, Weirdness & Mutations

You are small and have problems with some larger weapons.
You are completely attuned to the shadows.


Message History

The elephant trunk-slaps you but does no damage.
Fannar completely misses you. The ice beast hits you.
The ice beast freezes you.
Flame seeps out of the elephant. x2
The ice beast hits you but does no damage.
The elephant completely misses you. x2; Fannar closely misses you.
It was a potion of might.
You feel very mighty all of a sudden.
Flame seeps out of the elephant.
The ice beast closely misses you.
The elephant completely misses you. x2; Fannar hits you but does no damage.
Fannar freezes you.
* * * LOW HITPOINT WARNING * * *
It was a potion of degeneration.
There was something very wrong with that liquid.
You feel weakened.
You feel dopey.
You feel clumsy.
Flame seeps out of the elephant.
The ice beast closely misses you. Fannar misses you.
The elephant is engulfed in blazing flames.
Flame seeps out of the elephant.
The elephant closely misses you. The elephant barely misses you.
It was a potion of heal wounds.
You feel much better.
The ice beast hits you but does no damage.
Fannar misses you.
The elephant is engulfed in blazing flames.
Cheibriados appreciates the change of pace.
The elephant explodes!
The fiery explosion engulfs the ice beast!!!!
The ice beast melts!
The ice beast disappears in a puff of smoke!
The fiery explosion engulfs you!!!
Ouch! That really hurt!
* * * LOW HITPOINT WARNING * * *
The fiery explosion engulfs the elephant!!!
Cheibriados appreciates the change of pace.
The fiery explosion engulfs Fannar!!!
Cheibriados thoroughly appreciates the change of pace.
Fannar explodes!
The fiery explosion engulfs you!!!
Ouch! That really hurt!
You die...

##...e. ##....FY
#§§§F§# #§§§F##
###.§§§§# #.#§§§§##
##§○§§## ##.§§@##
#......# ###
#....###
########.###....#
#.##P.##..##....#.
...................
<÷.................
..†................
........†..........


There were no monsters in sight!

Vanquished Creatures
  Fannar (Lair:3)
  A boulder beetle (D:9)
  A two-headed ogre (D:9)
  Amaemon (D:10)
  An ugly thing (D:11)
  A will-o-the-wisp (Lair:2)
  2 black mambas
  3 cyclopes
  13 elephants
  Joseph (D:9)
  An orange demon (D:10)
  A cane toad (Lair:2)
  Maggie (D:9)
  3 komodo dragons
  3 rime drakes
  2 trolls (D:9)
  2 hornets
  A polar bear (Lair:3)
  2 blink frogs (Lair:3)
  2 shadows (D:11)
  A spriggan (Lair:1)
  A vampire (D:11)
  3 wyverns
  5 basilisks
  5 wraiths
  49 yaks
  A golden eye (Lair:1)
  Menkaure (D:6)
  3 water moccasins
  3 acid dragons
  An orc warrior (D:11)
  A black bear (D:5)
  2 ice beasts
  3 ogres
  8 wolves
  4 centaurs
  3 phantoms
  A kobold brigand (D:8)
  2 necrophages (D:5)
  8 bullfrogs
  3 scorpions (D:5)
  8 wights
  3 killer bees (D:9)
  2 howler monkeys
  4 hounds
  3 jellies (D:5)
  7 orc priests
  4 iguanas
  7 orc wizards
  9 adders
  3 gnolls (D:6)
  2 shadow imps (D:7)
  4 dart slugs
  29 orcs
  4 ball pythons
  5 bats
  5 endoplasms
  3 giant cockroaches
  2 goblins
  5 hobgoblins
  12 jackals
  A quokka (D:5)
  5 frilled lizards
  7 kobolds
  3 rats
288 creatures vanquished.

Vanquished Creatures (others)
  8 fungi
  23 plants
31 creatures vanquished.

Grand Total: 319 creatures vanquished

Notes
Turn   | Place    | Note
-------+----------+-------------------------------------------
     0 | D:1      | Monkooky the Kobold Hexslinger began the quest for the Orb.
     0 | D:1      | Reached XP level 1. HP: 12/12 MP: 2/2
   120 | D:1      | Found a faded altar of an unknown god.
   130 | D:1      | Prayed at the altar of an unknown god.
   130 | D:1      | Became a worshipper of Cheibriados the Contemplative
   130 | D:1      | Reached * piety under Cheibriados
   171 | D:1      | Reached XP level 2. HP: 16/16 MP: 1/3
   530 | D:1      | Reached XP level 3. HP: 20/20 MP: 4/4
  1016 | D:2      | Reached ** piety under Cheibriados
  1620 | D:2      | Reached skill level 5 in Ranged Weapons
  1629 | D:2      | Learned a level 3 spell: Portal Projectile
  1996 | D:3      | You fall into a shaft and drop 1 floor!
  2010 | D:4      | Noticed a phantom
  2070 | D:3      | Reached XP level 4. HP: 25/25 MP: 5/5
  2138 | D:3      | Identified the +7 whip of Causality {drain, rElec Str+6
                  | Int-3 SInv}
  2307 | D:3      | Found a burning altar of Makhleb.
  2322 | D:3      | Noticed a balrug
  2324 | D:3      | Found a glowing silver altar of Zin.
  2811 | D:3      | Reached *** piety under Cheibriados
  2831 | D:4      | Noticed an ogre
  2850 | D:3      | Killed an ogre
  2851 | D:3      | Reached XP level 5. HP: 29/29 MP: 3/6
  3020 | D:4      | Found a hazy altar of Hepliaklqana.
  3094 | D:4      | Found Ateuzoak's Assorted Antiques.
  3101 | D:4      | Bought a scroll labelled VUOX ETU XENKE for 25 gold pieces
  3101 | D:4      | Bought a scroll labelled ASHRE IXORAIFACW for 25 gold
                  | pieces
  3132 | D:4      | Found a broken altar of Ashenzari.
  3187 | D:4      | Killed a phantom
  3188 | D:4      | Reached XP level 6. HP: 26/35 MP: 5/7
  3481 | D:5      | Entered Level 5 of the Dungeon
  3583 | D:5      | Reached XP level 7. HP: 40/40 MP: 8/8
  3721 | D:5      | Reached skill level 5 in Dodging
  3963 | D:5      | Found a sparkling altar of Nemelex Xobeh.
  4120 | D:5      | Reached XP level 8. HP: 17/48 MP: 9/9
  4316 | D:5      | Found a basalt altar of Yredelemnul.
  4373 | D:5      | Reached skill level 5 in Stealth
  4471 | D:5      | Reached **** piety under Cheibriados
  4514 | D:5      | Reached skill level 1 in Conjurations
  4514 | D:5      | Reached skill level 1 in Ice Magic
  4514 | D:5      | Reached skill level 1 in Air Magic
  4520 | D:5      | Learned a level 5 spell: Freezing Cloud
  4941 | D:6      | Reached skill level 1 in Invocations
  4948 | D:6      | Found Viqa's Assorted Antiques.
  4954 | D:6      | Bought a pair of embroidered boots for 142 gold pieces
  4954 | D:6      | Bought a scroll of teleportation for 57 gold pieces
  5004 | D:6      | Reached XP level 9. HP: 24/52 MP: 4/12
  5209 | D:6      | Noticed Menkaure
  5210 | D:6      | Reached skill level 5 in Invocations
  5222 | D:6      | Killed Menkaure
  5631 | D:6      | Found Meb Dergh's Antique Weapon Emporium.
  5825 | D:6      | Noticed a cyclops
  5837 | D:6      | Killed a cyclops
  5920 | D:6      | Found a staircase to the Ecumenical Temple.
  5956 | D:6      | Found Ytal's Magic Scroll Emporium.
  6067 | D:6      | Found Vucalah's Weapon Shop.
  6133 | D:6      | Found a shadowy altar of Dithmenos.
  6176 | D:6      | Found Nisuse's Magic Scroll Shoppe.
  6534 | D:7      | Noticed a hornet
  6677 | D:7      | Killed a hornet
  6678 | D:7      | Reached XP level 10. HP: 56/56 MP: 9/15
  7375 | D:7      | Found a blossoming altar of Fedhas.
  8487 | D:8      | Found a shimmering altar of Xom.
  8830 | D:9      | Found a white marble altar of Elyvilon.
  8905 | D:9      | Learned a level 4 spell: Olgreb's Toxic Radiance
  8978 | D:9      | Noticed Joseph
  9114 | D:9      | Reached ***** piety under Cheibriados
  9122 | D:9      | Noticed a two-headed ogre
  9427 | D:9      | Killed Joseph
  9582 | D:9      | Noticed Maggie
  9596 | D:9      | Killed Maggie
  9597 | D:9      | Reached skill level 5 in Poison Magic
  9756 | D:9      | Killed a two-headed ogre
  9757 | D:9      | Reached XP level 11. HP: 60/60 MP: 10/17
  9761 | D:9      | Learned a level 3 spell: Ignite Poison
  9916 | D:9      | Noticed a boulder beetle
  9923 | D:9      | Killed a boulder beetle
 10040 | D:10     | Entered Level 10 of the Dungeon
 10228 | D:10     | Found a portal to a secret trove of treasure.
 10286 | D:10     | Found a bloodstained altar of Trog.
 10652 | D:10     | Found a staircase to the Lair.
 10696 | D:10     | Found a radiant altar of Vehumet.
 11492 | D:11     | Noticed a cyclops
 11496 | D:11     | Killed a cyclops
 11666 | D:11     | Reached skill level 5 in Transmutations
 11666 | D:11     | Reached skill level 5 in Fire Magic
 11666 | D:11     | Reached XP level 12. HP: 66/66 MP: 7/18
 11759 | D:11     | Noticed Josephine
 12123 | D:11     | Reached skill level 5 in Conjurations
 12343 | D:11     | Reached skill level 5 in Ice Magic
 12343 | D:11     | Reached skill level 5 in Air Magic
 12500 | D:11     | Noticed a two-headed ogre
 12723 | D:10     | Noticed Amaemon
 12730 | D:10     | Killed Amaemon
 12834 | D:10     | Learned a level 2 spell: Passwall
 12881 | Lair:1   | Entered Level 1 of the Lair of Beasts
 13131 | Lair:1   | Noticed Heh's ghost (journeyman OpVM)
 13587 | Lair:1   | Identified the +3 trident of Immorality {protect, rC++
                  | rCorr}
 13752 | Lair:1   | Reached XP level 13. HP: 70/70 MP: 1/19
 13865 | Lair:1   | Found a runed translucent gate.
 13866 | Lair:1   | Found a runed translucent gate.
 13867 | Lair:1   | Found a runed translucent gate.
 14201 | D:6      | Bought a scroll of acquirement for 572 gold pieces
 14201 | D:6      | Acquired 472 gold pieces
 14494 | Lair:1   | Noticed a minotaur
 16111 | Lair:2   | Found a staircase to the Swamp.
 16583 | Lair:3   | Noticed Fannar
 16595 | Lair:3   | Killed Fannar
 16595 | Lair:3   | Killed by an exploding Fannar... ignited by their inner
                  | flame

Illustrated notes

Levels and vault maps discovered:
D:1:      zelgadis_glass_arrival_small, layout_loops_ring,
          ebering_ecumenical_altar_webs
D:2:      layout_basic, minmay_misc_feat_ornament
D:3:      layout_basic, grunt_temple_overflow_order_and_chaos_2
D:4:      layout_cave_pools, mainiacjoe_overflow_24_doors,
          mainiacjoe_overflow_alcove_2, serial_shops,
          nicolae_shop_temple_entry_statues_fountains
D:5:      layout_layer_cave, mainiacjoe_overflow_cross_hatched,
          nemelex_spade_bored_becter, minmay_pentangle
D:6:      kennysheep_big_flooded_room, layout_basic,
          nicolae_dithmenos_through_a_glass_darkly, temple_pool_b, serial_shops,
          shop, shop, nicolae_square_shop, nicolae_inconvenience_store, shop,
          kennysheep_big_empty_room, uniq_menkaure
D:7:      layout_loops_cross, mainiacjoe_overflow_chevrons, grunt_ministairs_8
D:8:      layout_loops_ring, mainiacjoe_overflow_small_starburst,
          patterned_corridor
D:9:      layout_rooms, lemuel_crystal_altar, nzn_sisyphean_effort, uniq_maggie,
          uniq_joseph
D:10:     layout_loops_ring, mainiacjoe_overflow_alcove_4,
          amcnicky_altar_gilded, david_lair_shrubbed, enter_trove_6,
          uniq_amaemon
D:11:     nzn_winding_woodlands_huge [nzn_winding_woodlands_5x15_cabin,
          nzn_winding_woodlands_5x15_longhouse,
          nzn_winding_woodlands_5x15_crooked, nzn_winding_woodlands_5x15_twine,
          nzn_winding_woodlands_5x15_eye, nzn_winding_woodlands_5x15_zeroes,
          nzn_winding_woodlands_5x15_sawtooth,
          nzn_winding_woodlands_5x15_garden,
          nzn_winding_woodlands_5x15_concentric,
          nzn_winding_woodlands_5x15_river_crossing,
          nzn_winding_woodlands_center_triple_pond,
          nzn_winding_woodlands_center_garden,
          nzn_winding_woodlands_15x15_boxy_spiral], layout_small_grid,
          orc_0_dummy, uniq_josephine
Lair:1:   layout_roguey, maelrawn_ghost_gauntlet_escape,
          infiniplex_staircase_pool_2, serial_bayou_shore_b
Lair:2:   layout_chaotic_city, minmay_swamp_entry_wisps, grunt_megastairs_1
Lair:3:   layout_hall_layers, spider_nest_entry_a, lemuel_fruit_tree,
          uniq_prince_ribbit2, uniq_fannar

Skill      XL: |  1  2  3  4  5  6  7  8  9 10 11 12 13 |
---------------+----------------------------------------+-----
Ranged Weapons | 3 4 5 7 |  7.5
Dodging        | 3 4 6 |  6.3
Fighting       | 2 3 |  3.8
Stealth        | 2 7 |  7.1
Conjurations   | 1 2 4 6 8 |  8.4
Ice Magic      | 1 2 4 6 8 |  8.3
Air Magic      | 1 2 4 6 8 |  8.3
Invocations    | 4 7 |  7.0
Spellcasting   | 2 4 |  4.6
Poison Magic   | 5 7 8 |  8.9
Transmutations | 5 |  5.1
Fire Magic     | 5 |  5.1
Hexes          | |  3.0

Action                   |  1- 3 |  4- 6 |  7- 9 | 10-12 | 13-15 || total
-------------------------+-------+-------+-------+-------+-------++-------
Melee: Sling             |       |       |       |     3 |       ||     3
 Fire: Sling             |   106 |   102 |   300 |   470 |   117 ||  1095
Throw: Throwing net      |       |       |     2 |       |       ||     2
 Cast: Slow              |     5 |     2 |     2 |     5 |       ||    14
       Portal Projectile |       |       |     2 |     1 |       ||     3
       Olgreb's Toxic Ra |       |       |       |    44 |    21 ||    65
       Freezing Cloud    |       |       |       |     2 |     3 ||     5
       Ignite Poison     |       |       |       |    25 |    13 ||    38
       Passwall          |       |       |       |       |     2 ||     2
Invok: Bend Time         |       |     1 |       |       |       ||     1
       Slouch            |       |       |     2 |     6 |     1 ||     9
Evoke: Wand              |       |       |       |     9 |     2 ||    11
  Use: Scroll            |       |     8 |     3 |     4 |     4 ||    19
       Potion            |       |     1 |       |     2 |     5 ||     8
Armor: Robe              |     8 |     6 |     9 |     5 |       ||    28
       Acid dragon scale |       |       |       |    25 |    33 ||    58
Dodge: Dodged            |    67 |    89 |   284 |   467 |   233 ||  1140

Table legend: (Time is in decaauts)
 A = Elapsed time spent in this place.
 B = Non-inter-level travel time spent in this place.
 C = Inter-level travel time spent in this place.
 D = Time resting spent in this place.
 E = Time spent auto-exploring this place.
 F = Levels seen in this place.
 G = Mean time per level.
                   A        B        C        D        E       F      G
               +--------+--------+--------+--------+--------+-----+--------+
         Total |  23685 |  22427 |   1258 |   2562 |  17178 |  14 | 1691.8 |
       Dungeon |  18716 |  17675 |   1041 |   1999 |  13513 |  11 | 1701.5 |
          Lair |   4968 |   4752 |    216 |    563 |   3665 |   3 | 1656.0 |
               +--------+--------+--------+--------+--------+-----+--------+

Top non-repeatable levels by time:
     D:6: 2698 daAuts
    D:10: 2599 daAuts
  Lair:1: 2525 daAuts
  Lair:2: 2289 daAuts
     D:5: 1989 daAuts
     D:9: 1759 daAuts
     D:8: 1712 daAuts
     D:2: 1709 daAuts
     D:7: 1668 daAuts
    D:11: 1307 daAuts
     D:3: 1178 daAuts
     D:1: 1068 daAuts
     D:4: 1025 daAuts
  Lair:3: 154 daAuts
